 Dungeon Crawl Stone Soup version 0.26-a0-1147-g3780a7a11b (webtiles) character file.

Game seed: 16950374189228827608

64 Dracia the Grasshopper (level 3, -2/27 HPs)
             Began as a Demonspawn Warper on Dec 22, 2020.
             Slain by a hobgoblin (4 damage)
             ... on level 2 of the Dungeon.
             The game lasted 00:03:10 (2274 turns).

Dracia the Grasshopper (Demonspawn Warper)          Turns: 2274, Time: 00:03:10

Health: -2/27      AC:  4    Str: 12    XL:     3   Next: 91%
Magic:  7/7        EV: 12    Int: 14    God:
Gold:   25         SH:  0    Dex: 12    Spells: 2/7 levels left

rFire    . . .     SeeInvis .   k - +2 dagger (venom)
rCold    . . .     Faith    .   (no shield)
rNeg     . . .     Spirit   .   b - +1 leather armour
rPois    .         Reflect  .   (helmet restricted)
rElec    .         Harm     .   (no cloak)
rCorr    .         Rampage  .   (no gloves)
Will     .....                  (no boots)
Stlth    +.........             j - amulet of magic regeneration
HPRegen  0.09/turn              (no ring)
MPRegen  0.35/turn              (no ring)

@: no status effects
A: antennae 1
a: no special abilities


You were on level 2 of the Dungeon.
You visited 1 branch of the dungeon, and saw 2 of its levels.

You collected 25 gold pieces.


Innate Abilities, Weirdness & Mutations

You have a pair of small antennae on your head.


   Skills:
 - Level 2.0 Fighting
 - Level 1.7(2.0) Short Blades
 * Level 1.2(1.7) Long Blades
 - Level 0.8 Throwing
 - Level 0.9 Armour
 - Level 1.8 Dodging
 + Level 2.9 Spellcasting
 + Level 3.4 Translocations


You had 2 spell levels left.
You knew the following spells:

 Your Spells              Type           Power        Failure   Level
g - Gell's Gravitas       Tloc           5%           21%         3
I - Blink                 Tloc           N/A          10%         2

Your spell library contained the following spells:

 Spells                   Type           Power        Failure   Level
 Lesser Beckoning         Tloc           5%           21%         3
 Teleport Other           Tloc           11%          21%         3
 Passage of Golubria      Tloc           N/A          54%         4

Inventory:

Hand Weapons
 a - a +0 short sword
 k - a +2 dagger of venom (weapon)
Missiles
 e - 5 boomerangs of dispersal (quivered) {=f=f}
Armour
 b - a +1 leather armour (worn)
Jewellery
 c - a cursed ring of attention {unknown}
 j - an amulet of magic regeneration (around neck)
Scrolls
 d - a scroll of blinking
 f - a scroll of teleportation {@r4@r4}
Potions
 i - 2 potions of curing {@q1@q1}

Dungeon Overview and Level Annotations

Branches:
Dungeon (2/15)

Altars:

.... ..... .....
..... ...#####
##....#
.#####...<.#######
............†.g..#
#..##.)#....@..##
#.....>#######
#.#.#### # #. ..
#.# .. ...


You could see a hobgoblin (very poisoned).


Message History

You hit the gnoll.
The gnoll is poisoned.
The gnoll is heavily wounded.
The gnoll hits you with a cursed +0 spear.
A hobgoblin comes into view.
The hobgoblin shouts!
The gnoll hits you from afar with a cursed +0 spear.
You kill the gnoll!
Your Long Blades skill increases to level 1!
You hit the worm.
The worm is poisoned.
The worm is lightly wounded.
You hit the worm.
The worm looks as sick as possible!
The worm is heavily wounded.
The worm bites you but does no damage.
You hit the hobgoblin.
The hobgoblin is lightly wounded.
The hobgoblin hits you.
* * * LOW HITPOINT WARNING * * *
You completely miss the hobgoblin.
The hobgoblin is lightly wounded.
You kill the worm!
The hobgoblin hits you.
* * * LOW HITPOINT WARNING * * *
You hit the hobgoblin but do no damage.
The hobgoblin is poisoned.
The hobgoblin is lightly wounded.
The hobgoblin hits you.
* * * LOW HITPOINT WARNING * * *
The hobgoblin hits you.
* * * LOW HITPOINT WARNING * * *
The hobgoblin hits you.
You die...

Skill      XL: |  1  2  3 |
---------------+----------+-----
Translocations | 3 |  3.4
Long Blades    | 1 |  1.2
Fighting       | |  2.0
Short Blades   | |  1.7
Throwing       | |  0.8
Armour         | |  0.9
Dodging        | |  1.8
Spellcasting   | |  2.9

Action                   || total
-------------------------++-------
Melee: Short sword       ||   127
       Dagger            ||    16
  Use: Potion            ||     2
       Scroll            ||     4
Armor: Leather armour    ||    48
Dodge: Dodged            ||   122

Levels and vault maps discovered:
D:1:      lightli_arrival_quake, layout_basic, minmay_indecisive_spiral
D:2:      layout_rooms, fedhas_altar_1, chequers_ecumenical_altar_twisty

Notes
Turn   | Place    | Note
-------+----------+-------------------------------------------
     0 | D:1      | Dracia the Demonspawn Warper began the quest for the Orb.
     0 | D:1      | Reached XP level 1. HP: 16/16 MP: 3/3
   595 | D:1      | Gained mutation: You have a pair of small antennae on your
                  | head. [demonic ancestry]
   595 | D:1      | Reached XP level 2. HP: 22/22 MP: 5/5
   638 | D:1      | Reached skill level 3 in Translocations
   751 | D:1      | Learned a level 2 spell: Blink
  1516 | D:1      | Reached XP level 3. HP: 27/27 MP: 7/7
  1759 | D:1      | Learned a level 3 spell: Gell's Gravitas
  2261 | D:2      | Reached skill level 1 in Long Blades
  2273 | D:2      | HP: 1/27 [hobgoblin (3)]
  2274 | D:2      | Slain by a hobgoblin

Vanquished Creatures
  3 gnolls
  A worm (D:2)
  A dart slug (D:1)
  A leopard gecko (D:1)
  A giant cockroach (D:1)
  2 goblins (D:1)
  5 hobgoblins (D:1)
  5 jackals (D:1)
  3 bats (D:1)
  2 frilled lizards (D:1)
  4 kobolds (D:1)
  2 rats (D:1)
30 creatures vanquished.

Table legend: (Time is in decaauts)
 A = Elapsed time spent in this place.
 B = Non-inter-level travel time spent in this place.
 C = Inter-level travel time spent in this place.
 D = Time resting spent in this place.
 E = Time spent auto-exploring this place.
 F = Levels seen in this place.
 G = Mean time per level.
                   A        B        C        D        E       F      G
               +--------+--------+--------+--------+--------+-----+--------+
         Total |   2275 |   2241 |     34 |    665 |   1210 |   2 | 1137.5 |
       Dungeon |   2275 |   2241 |     34 |    665 |   1210 |   2 | 1137.5 |
               +--------+--------+--------+--------+--------+-----+--------+

Top non-repeatable levels by time:
     D:1: 2245 daAuts
     D:2: 30 daAuts

Table legend:
 A = Non-vault XP
 B = Vault XP
 C = Vault XP percentage of total XP
 D = Non-vault monster count
 E = Vault monster count
 F = Vault count percentage of total count
                 A         B        C        D         E       F
            +---------+---------+-------+---------+---------+-------
      Total |      85 |       7 |   7.6 |      26 |       4 |  13.3
            +---------+---------+-------+---------+---------+-------
        D:1 |      66 |       7 |   9.6 |      24 |       4 |  14.3
        D:2 |      19 |       0 |   0.0 |       2 |       0 |   0.0
            +---------+---------+-------+---------+---------+-------
